 Dungeon Crawl Stone Soup version 0.23.2-30-g0e89c35649 (webtiles) character file.

Game seed: 10674392284340768246

1681 diana the Blocker (level 8, -6/70 HPs)
             Began as a Minotaur Fighter on June 14, 2019.
             Mangled by Menkaure (7 damage)
             ... on level 4 of the Dungeon.
             The game lasted 00:06:05 (3369 turns).

diana the Blocker (Minotaur Fighter)                Turns: 3369, Time: 00:06:06

Health: -6/70      AC:  8    Str: 22    XL:     8   Next: 71%
Magic:  7/7        EV:  8    Int:  8    God:
Gold:   252        SH: 16    Dex: 11    Spells: 7/7 levels left

rFire    . . .     SeeInvis .   a - +0 war axe
rCold    . . .     Gourm    .   k - +0 large shield
rNeg     . . .     Faith    .   b - +0 scale mail
rPois    .         Spirit   .   (helmet restricted)
rElec    .         Reflect  .   (no cloak)
rCorr    .         Harm     .   t - +0 pair of gloves
MR       .....     Rnd*Tele +   (no boots)
Stlth    ..........             (no amulet)
HPRegen  0.21/turn              u - ring of teleportation (curse)
MPRegen  0.10/turn              s - +3 ring of intelligence

@: no status effects
A: retaliatory headbutt, horns 2
a: no special abilities


You were on level 4 of the Dungeon.
You were very hungry.

You visited 1 branch of the dungeon, and saw 4 of its levels.
You also visited: Sewer.

You collected 252 gold pieces.

Inventory:

Hand Weapons
 a - a +0 war axe (weapon)
Armour
 b - a +0 scale mail (worn)
 c - a +0 shield
 k - a +0 large shield (worn)
 t - a +0 pair of gloves (worn)
Jewellery
 s - a +3 ring of intelligence (right hand)
 u - a cursed ring of teleportation (left hand)
Wands
 r - a wand of polymorph (7)
Scrolls
 d - a scroll of immolation {unknown}
 g - 2 scrolls of identify
 h - 2 scrolls of teleportation
 i - a scroll of fear {unknown}
 j - 2 scrolls of noise
 l - 2 scrolls of remove curse {unknown}
 m - 2 scrolls of enchant armour {unknown}
 n - 4 scrolls of enchant weapon
 o - 3 scrolls of blinking
Potions
 e - 2 potions of curing
 p - 2 potions of brilliance
 q - 5 potions of flight {unknown}
 v - a potion of berserk rage {unknown}
Comestibles
 f - 9 rations


   Skills:
 + Level 6.1 Fighting
 * Level 7.4 Axes
 + Level 6.2 Armour
 + Level 4.3 Dodging
 * Level 8.0 Shields


You had 7 spell levels left.
You didn't know any spells.
Your spell library was empty.

Dungeon Overview and Level Annotations

Branches:
Dungeon (4/15)
 Temple: D:4-7

Altars:
Cheibriados
Fedhas
Uskayaw
Wu Jian

Annotations:
D:4 Menkaure


Innate Abilities, Weirdness & Mutations

You reflexively headbutt those who attack you in melee.
You have a pair of horns on your head.


Message History

Menkaure is heavily damaged.
You hit the adder. You block Menkaure's attack.
The adder bites you but does no damage. Menkaure hits you.
Unknown command.
You hit Menkaure.
Menkaure is severely damaged.
You slash the adder!
You kill the adder!
Menkaure closely misses you.
Your shield prevents you from hitting Menkaure.
Menkaure is severely damaged.
Menkaure calls on the powers of darkness!
Your body is wracked with pain!
* * * LOW HITPOINT WARNING * * *
Menkaure hits you!
* * * LOW HITPOINT WARNING * * *
You barely miss Menkaure. You headbutt Menkaure.
Menkaure is almost destroyed.
Menkaure hits you!
You die...

####.###........
#.##.........
###..#.#.#.....
...###.#...#####.
#........## #.
#######.........# #.
.....#..#######.## ##
#...#### #..# #.
#M@....# ##.####.
.......####.######......
........................
......#########......#.#
.....# #...........
#...# #..........# ####
#.........##
#.....รท...#
#.........##


You could see Menkaure.

Vanquished Creatures
  Grinder (Sewer)
  4 yaks (D:4)
  A phantom (Sewer)
  3 ogres
  2 big kobolds (Sewer)
  3 orc priests
  An orc wizard (D:4)
  Terence (D:2)
  A worker ant (D:4)
  5 big kobold zombies (Sewer)
  A hound skeleton (D:4)
  A river rat (D:3)
  4 adders
  3 shadow imps (Sewer)
  3 ufetubi (Sewer)
  An ooze (Sewer)
  2 dart slugs
  A worm (D:3)
  5 leopard geckos
  7 orcs
  4 ball pythons
  3 giant cockroaches
  7 goblins
  9 hobgoblins
  4 jackals (D:2)
  A quokka (D:4)
  7 bats
  4 frilled lizards
  A giant cockroach zombie (Sewer)
  13 kobolds
  3 kobold zombies (Sewer)
  12 rats
118 creatures vanquished.

Notes
Turn   | Place    | Note
-------+----------+-------------------------------------------
     0 | D:1      | diana the Minotaur Fighter began the quest for the Orb.
     0 | D:1      | Reached XP level 1. HP: 19/19 MP: 0/0
   251 | D:1      | Reached XP level 2. HP: 27/27 MP: 1/1
   452 | D:1      | Reached skill level 4 in Shields
   606 | D:2      | Noticed Terence
   622 | D:2      | Killed Terence
   622 | D:2      | Reached skill level 1 in Dodging
   622 | D:2      | Reached XP level 3. HP: 21/33 MP: 2/2
   718 | D:2      | Noticed an ogre
   728 | D:2      | Killed an ogre
   728 | D:2      | Reached XP level 4. HP: 37/40 MP: 3/3
   728 | D:2      | Reached XP level 5. HP: 42/46 MP: 4/4
   753 | D:2      | Found an ornate altar of the Wu Jian Council.
   859 | D:2      | Found a snail-covered altar of Cheibriados.
  1474 | D:3      | Reached skill level 5 in Shields
  1563 | D:3      | Noticed an ogre
  1574 | D:4      | Noticed an ogre
  1578 | D:4      | Noticed a yak
  1616 | D:3      | Killed an ogre
  1616 | D:3      | Reached XP level 6. HP: 27/53 MP: 5/5
  1827 | D:3      | Found a glowing drain.
  1838 | Sewer    | Entered a sewer
  1866 | Sewer    | Noticed Grinder
  1875 | Sewer    | Paralysed by Grinder for 4 turns
  1884 | Sewer    | Paralysed by Grinder for 3 turns
  1889 | Sewer    | Paralysed by Grinder for 2 turns
  1894 | Sewer    | Paralysed by Grinder for 5 turns
  1900 | Sewer    | Paralysed by Grinder for 3 turns
  1905 | Sewer    | Paralysed by Grinder for 7 turns
  1919 | Sewer    | Killed Grinder
  1919 | Sewer    | Reached skill level 5 in Axes
  1919 | Sewer    | Reached skill level 5 in Armour
  1919 | Sewer    | Reached skill level 6 in Shields
  1919 | Sewer    | Reached XP level 7. HP: 11/60 MP: 6/6
  2128 | Sewer    | Found an ancient bone altar of Kikubaaqudgha.
  2137 | Sewer    | Reached skill level 5 in Fighting
  2878 | D:4      | Reached skill level 7 in Shields
  2878 | D:4      | Reached XP level 8. HP: 58/69 MP: 7/7
  2943 | D:4      | Found a blossoming altar of Fedhas.
  2999 | D:4      | Found a hide-covered altar of Uskayaw.
  3058 | D:4      | Reached skill level 8 in Shields
  3361 | D:4      | Noticed Menkaure
  3368 | D:4      | HP: 1/70 [Menkaure (13)]
  3369 | D:4      | Mangled by Menkaure

Skill      XL: |  1  2  3  4  5  6  7  8 |
---------------+-------------------------+-----
Shields        | 4 5 6 7 8 |  8.0
Axes           | 3 4 5 6 7 |  7.4
Armour         | 4 5 6 |  6.2
Dodging        | 1 2 3 4 |  4.3
Fighting       | 4 5 6 |  6.1

Action                   |  1- 3 |  4- 6 |  7- 9 || total
-------------------------+-------+-------+-------++-------
Melee: War axe           |    60 |   132 |   146 ||   338
       Headbutt          |    15 |    16 |    34 ||    65
  Use: Potion            |       |     8 |       ||     8
       Scroll            |       |     1 |     3 ||     4
  Eat: Chunk             |       |     3 |     1 ||     4
       Ration            |       |       |     1 ||     1
Armor: Scale mail        |    24 |    73 |    36 ||   133
Dodge: Dodged            |    15 |    49 |    31 ||    95
Block: Shield            |     3 |       |       ||     3
       Large shield      |    41 |   130 |   138 ||   309
